 Dungeon Crawl Stone Soup version 0.24.1-8-ga250c9d538 (webtiles) character file.

Game seed: 17949550711365975408, levelgen mode: deterministic

46 Hugehornet the Changer (level 3, 0/23 HPs)
             Began as an Octopode Transmuter on May 1, 2020.
             Slain by an orc
             ... wielding a +2 mace of protection
              (5 damage)
             ... on level 2 of the Dungeon.
             The game lasted 00:02:21 (1173 turns).

Hugehornet the Changer (Octopode Transmuter)        Turns: 1173, Time: 00:02:22

Health: 0/23       AC:  1    Str:  9    XL:     3   Next: 66%
Magic:  5/6        EV: 13    Int: 16    God:
Gold:   59         SH:  0    Dex: 12    Spells: 5/6 levels left

rFire    . . .     SeeInvis .     - Unarmed
rCold    . . .     Gourm    .   (no shield)
rNeg     . . .     Faith    .   (helmet restricted)
rPois    .         Spirit   .   (no amulet)
rElec    .         Reflect  .   (no ring)
rCorr    .         Harm     .   (no ring)
MR       .....                  (no ring)
Stlth    ++........             (no ring)
HPRegen  0.07/turn              (no ring)
MPRegen  0.10/turn              (no ring)
                                (no ring)
                                (no ring)

@: appendage
A: almost no armour, stealthy swim, amphibious, 8 rings, constrict 8, tentacle
spike 3, camouflage 1, gelatinous body 1
a: End Transformation


You were on level 2 of the Dungeon.
You were not hungry.
One of your tentacles had a temporary spike.
You visited 1 branch of the dungeon, and saw 2 of its levels.

You collected 59 gold pieces.

Inventory:

Missiles
 a - 12 arrows
Armour
 b - a +0 shield
 i - a +0 buckler
Scrolls
 d - 3 scrolls of teleportation {unknown}
 e - 2 scrolls of immolation {unknown}
 f - a scroll of fear {unknown}
 h - 2 scrolls of identify {unknown}
 j - a scroll of remove curse {unknown}
 k - a scroll of enchant armour {unknown}
Potions
 g - a potion of haste {unknown}
Comestibles
 c - a ration


   Skills:
 - Level 1.0 Fighting
 - Level 2.0 Dodging
 - Level 3.0 Unarmed Combat
 - Level 2.0 Spellcasting
 + Level 3.9 Transmutations


You had 5 spell levels left.
You knew the following spells:

 Your Spells              Type           Power        Failure   Level  Hunger
a - Beastly Appendage     Tmut           ##....       4%          1    #......

Your spell library contained the following spells:

 Spells                   Type           Power        Failure   Level  Hunger
 Sticks to Snakes         Tmut           ##......     6%          2    ###....
 Spider Form              Tmut/Pois      #.........   28%         3    ###....
 Ice Form                 Ice/Tmut       #.......     67%         4    #####..
 Blade Hands              Tmut           ##........   75%         5    ######.


Dungeon Overview and Level Annotations

Branches:
Dungeon (2/15)

Altars:


Innate Abilities, Weirdness & Mutations

You cannot wear most types of armour.
You are very stealthy in the water. (Stealth+)
You are amphibious.
You can wear up to eight rings at the same time.
You can use your tentacles to constrict eight enemies at once.
Your skin changes colour to match your surroundings (Stealth+).
Your rubbery body absorbs attacks. (AC +1, EV +1)
One of your tentacles bears a large vicious spike.


Message History

The orc is lightly wounded.
You constrict the orc, but do no damage.
The orc closely misses you. The goblin barely misses you.
You tentacle-slap the orc but do no damage.
The orc is lightly wounded.
You constrict the orc. The orc barely misses you. The goblin hits you.
You tentacle-slap the orc but do no damage.
The orc is moderately wounded.
You constrict the orc.
The orc hits you with a +2 mace of protection.
* * * LOW HITPOINT WARNING * * *
You barely miss the orc.
The orc is severely wounded.
You constrict the orc. The goblin barely misses you.
You tentacle-slap the orc but do no damage.
You squeeze the orc, but do no damage.
The orc is almost dead.
You constrict the orc, but do no damage.
The orc hits you with a +2 mace of protection.
You die...

+<.......#
#...............>
#.÷......#
#.≈...≈...≈...§..
#....#####
##...........§...
#.####
##.........#####
#.# #.........#
#.# #.........#
...
########.......#
...
##.).)####......#
... #.8.@8.#
##.....# #..g)o.#
##....# ##....##
##...# #.##.###
####..#
#.##''##.###...#.#
#......#.'.###..#
#.##''##.###...###
# #.##.### ####.#
#.... ##..#


You could see an orc and a goblin.

Vanquished Creatures
  An adder (D:2)
  A worm (D:2)
  A leopard gecko (D:2)
  3 orcs (D:2)
  2 bats (D:2)
  A giant cockroach (D:2)
  A goblin (D:1)
  2 hobgoblins (D:1)
  3 jackals (D:2)
  A frilled lizard (D:1)
  6 kobolds
  8 rats
30 creatures vanquished.

Notes
Turn   | Place    | Note
-------+----------+-------------------------------------------
     0 | D:1      | Hugehornet the Octopode Transmuter began the quest for the
                  | Orb.
     0 | D:1      | Reached XP level 1. HP: 13/13 MP: 3/3
   261 | D:1      | Reached XP level 2. HP: 13/18 MP: 3/5
  1039 | D:2      | Reached XP level 3. HP: 23/23 MP: 4/6
  1173 | D:2      | Slain by an orc

Levels and vault maps discovered:
D:1:      sevenhm_arrival_forest_fort_large_3, layout_basic,
          hangedman_decor_lopped
D:2:      layout_basic, first_ration, corexii_leaking_fountain,
          kennysheep_crisscross, wad_orctagon

Skill      XL: |  1  2 |
---------------+-------+-----
Transmutations | 3 |  3.9
Fighting       | |  1.0
Dodging        | |  2.0
Unarmed Combat | |  3.0
Spellcasting   | |  2.0

Action                   || total
-------------------------++-------
Melee: Unarmed           ||    65
       Constrict         ||    21
       Kick              ||    14
       Tentacles         ||    14
       Punch             ||     4
 Cast: Beastly Appendage ||    19
 Stab: Sleeping          ||     5
  Eat: Chunk             ||     1
Armor: Skin              ||     9
Dodge: Dodged            ||    38
